 Dungeon Sprint DCSS version 0.31-a0-204-g7da18cac08 (webtiles) character file.

Game seed: 10364621234213863147

74 rocky1 the Poker (level 4, -5/35 HPs)
             Began as a Merfolk Gladiator on June 28, 2023.
             Slain by a water elemental (16 damage)
             ... in the Dungeon (Sprint III: "The Ten Rune Challenge").
             The game lasted 00:01:14 (705 turns).

rocky1 the Poker (Merfolk Gladiator)                 Turns: 705, Time: 00:01:14

Health: -5/35      AC:  5    Str: 16    XL:     4   Next: 30%
Magic:  4/4        EV: 14    Int:  7    God:
Gold:   22         SH:  0    Dex: 15    Spells: 3/3 levels left

rFire   . . .        n - +4 quarterstaff (chaos)
rCold   . . .        (shield currently unavailable)
rNeg    . . .        b - +0 leather armour
rPois   .            c - +0 helmet
rElec   .            m - +0 cloak
rCorr   .            (no gloves)
SInv    .            (no boots)
Will    .....        (no amulet)
Stlth   ++           (no ring)
HPRegen 0.25/turn    (no ring)
MPRegen 0.09/turn

%: no teleportation
@: engulfed
A: (nimble swimmer 2), mertail
a: no special abilities


You were in the Dungeon.
You visited 1 branch You collected 22 gold pieces.

Inventory:

Hand Weapons
 a - a +0 trident
 n - a +4 quarterstaff of chaos (weapon)
Missiles
 d - 2 throwing nets (quivered)
 e - a javelin
Armour
 b - a +0 leather armour (worn)
 c - a +0 helmet (worn)
 m - a +0 cloak (worn)
Jewellery
 l - an amulet of faith
Scrolls
 k - a scroll of blinking
 o - a scroll of torment {unknown}
 p - 4 scrolls of identify
 r - a scroll of poison {unknown}
Potions
 f - a potion of curing
 g - a potion of heal wounds
 h - a potion of haste
 i - 2 potions of magic
 j - a potion of berserk rage
 q - 2 potions of enlightenment {unknown}
 s - 6 potions of mutation


   Skills:
 + Level 3.5 Fighting
 + Level 7.8 Polearms
 + Level 3.2 Throwing
 + Level 1.3 Armour
 + Level 6.4 Dodging
 + Level 2.1 Stealth


You had 3 spell levels left.
You didn't know any spells.
Your spell library was empty.

Dungeon Overview and Level Annotations

Branches:
Dungeon (1/1)

Altars:


Innate Abilities, Weirdness & Mutations

((You are very nimble when in or above water. (Stealth+, EV+, Speed+++)))
Your lower body shifts to a powerful aquatic tail in water.


Message History

n - a +4 quarterstaff of chaos (weapon)
Unknown command.
You start resting.
HP restored.
You open the door.
Found 22 gold pieces and 2 potions of mutation.
There is an open door here.
You now have 10 gold pieces.
o - a scroll labelled IZI HOIQIQI;
p - 2 scrolls of identify
q - a brown potion
Things that are here:
a potion of mutation; 2 potions of mutation
r - a scroll labelled RITRIH ZAEK;
p - 4 scrolls of identify (gained 2)
q - 2 brown potions (gained 1)
Things that are here:
a potion of mutation; 2 potions of mutation You now have 22 gold pieces (gained 12).
Things that are here:
a potion of mutation; 2 potions of mutation
s - a potion of mutation;
s - 3 potions of mutation (gained 2)
s - 4 potions of mutation (gained 1);
s - 6 potions of mutation (gained 2)
There is an open door here.
You open the door.
A water elemental comes into view.
You barely miss the water elemental. The water elemental hits you.
You hit the water elemental.
Space warps around the water elemental.
The water elemental is lightly damaged.
The water elemental barely misses you. The water elemental hits you!
You hit the water elemental. You freeze the water elemental.
The water elemental is moderately damaged.
The water elemental closely misses you.
You hit the water elemental.
The water elemental seems to grow stronger.
The water elemental is moderately damaged.
The water elemental hits you!
The water elemental engulfs you in water!
You hit the water elemental.
The water elemental seems to speed up.
The water elemental is heavily damaged.
The water elemental hits you!
You die...

▓▓▓▓▓▓▓▓ ▓▓▓ <..#...####
##.# ...#..)...#####..#
..##.......#..#..#
##.##.##...#..#..# #+#+#
##.##.###..##'#..#......
#.####.##..###..@E.⌠....
.###..##.÷####...#...###
#.....##..###....# ⌠.#
###..##...##.....# .#
##..##...÷#..†...# #
#..###..##.#.....# #).#
#.. ####....# ▓▓▓▓ ▓▓▓
▓▓▓▓▓▓


You could see a water elemental (fast, strong).

Vanquished Creatures
  Crazy Yiuf (D)
  Jessica (D)
  A human (D)
  An endoplasm (D)
  2 rats (D)
6 creatures vanquished.

Notes
Turn   | Place    | Note
-------+----------+-------------------------------------------
     0 | D        | rocky1 the Merfolk Gladiator began the quest for the Orb.
     0 | D        | Reached XP level 1. HP: 16/16 MP: 1/1
    42 | D        | Noticed Jessica
    53 | D        | Killed Jessica
    54 | D        | Reached skill level 6 in Polearms
    54 | D        | Reached skill level 5 in Dodging
    54 | D        | Reached XP level 2. HP: 10/24 MP: 2/2
    54 | D        | Reached XP level 3. HP: 12/29 MP: 3/3
   351 | D        | Noticed Crazy Yiuf
   371 | D        | Reached skill level 7 in Polearms
   371 | D        | Reached skill level 1 in Armour
   371 | D        | Reached skill level 1 in Stealth
   609 | D        | Killed Crazy Yiuf
   610 | D        | Reached XP level 4. HP: 18/35 MP: 4/4
   699 | D        | Noticed a water elemental
   705 | D        | Slain by a water elemental

Illustrated notes

Levels and vault maps discovered:
D:        dungeon_sprint_mu [sprint_mu_entry_cave, sprint_mu_temple_rooms,
          sprint_mu_d1_spiders, sprint_mu_d2_genie, sprint_mu_d3_branching,
          sprint_mu_orc_legion, sprint_mu_elf_gauntlet, sprint_mu_hive_nellie,
          sprint_mu_lair_fedhas, sprint_mu_vaults_butterflies,
          sprint_mu_slime_circle, sprint_mu_shoals_archi,
          sprint_mu_snake_twists, sprint_mu_blade_basic,
          sprint_mu_crypt_fortress, sprint_mu_tomb_spiral,
          sprint_mu_vestibule_basic, sprint_mu_gehenna_hellfire,
          sprint_mu_dis_giant, sprint_mu_tartarus_statrot,
          sprint_mu_cocytus_islands, sprint_mu_zot1]

Skill      XL: |  1  2  3 |
---------------+----------+-----
Fighting       | 3 |  3.5
Polearms       | 6 7 |  7.8
Dodging        | 5 6 |  6.4
Armour         | 1 |  1.3
Stealth        | 2 |  2.1
Throwing       | 3 |  3.2

Action                     |  1- 3 |  4- 6 || total
---------------------------+-------+-------++-------
  Melee: Trident           |    33 |       ||    33
         Punch             |     1 |       ||     1
         Quarterstaff      |       |     5 ||     5
  Throw: Throwing net      |     5 |       ||     5
   Stab: Sleeping          |     1 |       ||     1
         Held in net/web   |     3 |       ||     3
 Armour: Leather armour    |     1 |     1 ||     2
  Dodge: Dodged            |    11 |     2 ||    13

Table legend: (Time is in decaauts)
 A = Elapsed time spent in this place.
 B = Non-inter-level travel time spent in this place.
 C = Inter-level travel time spent in this place.
 D = Time resting spent in this place.
 E = Time spent auto-exploring this place.
 F = Levels seen in this place.
 G = Mean time per level.
                   A        B        C        D        E       F      G
               +--------+--------+--------+--------+--------+-----+--------+
         Total |    705 |    705 |      0 |    546 |     33 |   1 |  705.0 |
       Dungeon |    705 |    705 |      0 |    546 |     33 |   1 |  705.0 |
               +--------+--------+--------+--------+--------+-----+--------+

Top non-repeatable levels by time:
       D: 705 daAuts
